 Dungeon Crawl Stone Soup version 0.23.1 (webtiles) character file.

Game seed: 15797627485444068763

21 Lusmu the Grave Robber (level 2, -1/11 HPs)
             Began as a Felid Necromancer on Mar 14, 2019.
             Slain by an adder (3 damage)
             ... on level 2 of the Dungeon.
             The game lasted 00:04:59 (1610 turns).

Lusmu the Grave Robber (Felid Necromancer)          Turns: 1610, Time: 00:04:59

Health: -1/11      AC:  1    Str:  4    XL:     2   Next: 65%
Magic:  0/6        EV: 18    Int: 16    God:
Gold:   65         SH:  0    Dex: 16    Spells: 3/5 levels left
                                        Lives:  0   Deaths: 0

rFire    . . .     SeeInvis +   (weapon unavailable)
rCold    . . .     Gourm    .   (shield unavailable)
rNeg     . . .     Faith    .   (armour unavailable)
rPois    .         Spirit   .   (helmet unavailable)
rElec    .         Reflect  .   (cloak unavailable)
rCorr    .         Harm     .   (gloves unavailable)
MR       .....                  (boots unavailable)
Stlth    +++.......             (no amulet)
HPRegen  0.03/turn              (no ring)
MPRegen  0.10/turn              (no ring)

@: quick
A: very small, no armour, no weapons or thrown items, stealth, claws 1, fangs 3,
see invisible, carnivore, speed 1, shaggy fur 1, slow metabolism 1, sharp paws
a: no special abilities


You were on level 2 of the Dungeon.
You were completely stuffed.

You visited 1 branch of the dungeon, and saw 2 of its levels.

You collected 65 gold pieces.

Inventory:

Scrolls
 d - a scroll of identify {unknown}
 g - a scroll of enchant armour {unknown}
Potions
 a - a potion of heal wounds {unknown}
 c - a potion of flight {unknown}
 e - a potion of might {unknown}
 f - a potion of curing {unknown}
Comestibles
 b - 3 rations


   Skills:
 - Level 2.6 Dodging
 * Level 4.2 Stealth
 - Level 2.0 Spellcasting
 + Level 4.2 Necromancy


You had 3 spell levels left.
You knew the following spells:

 Your Spells              Type           Power        Failure   Level  Hunger
a - Pain                  Necr           ###.         3%          1    #......
b - Animate Skeleton      Necr           N/A          3%          1    #......

Your spell library contained the following spells:

 Spells                   Type           Power        Failure   Level  Hunger
 Vampiric Draining        Necr           ###.......   11%         3    ###....
 Regeneration             Chrm/Necr      #.........   26%         3    ###....
 Animate Dead             Necr           N/A          34%         4    #####..


Dungeon Overview and Level Annotations

Branches:
Dungeon (2/15)

Altars:


Innate Abilities, Weirdness & Mutations

You cannot wear armour.
You are incapable of wielding weapons or throwing items.
Your paws allow you to move quietly. (Stealth)
You have sharp claws.
You have razor-sharp teeth.
You have supernaturally acute eyesight. (SInv)
You are carnivorous and can eat meat at any time.
You cover ground quickly.
You are covered in fur. (AC +1)
You have a slow metabolism.
Your sharp claws are effective at attacking unaware monsters.


Message History

Confirm with . or Enter, or press ? or * to list all spells.
Aiming: Pain (safe; 3% risk of failure)
Press: ? - help, Shift-Dir - straight line, f/p - adder
Aim: an adder (heavily wounded, chance to defeat MR: 80%)
The adder writhes in agony.
The adder bites you.
Casting: Pain (safe; 3% risk of failure)
Confirm with . or Enter, or press ? or * to list all spells.
Aiming: Pain (safe; 3% risk of failure)
Press: ? - help, Shift-Dir - straight line, f/p - adder
Aim: an adder (severely wounded, chance to defeat MR: 80%)
The adder writhes in agony.
The adder bites you.
* * * LOW HITPOINT WARNING * * *
The hobgoblin closely misses you.
Casting: Pain (safe; 3% risk of failure)
Confirm with . or Enter, or press ? or * to list all spells.
Aiming: Pain (safe; 3% risk of failure)
Press: ? - help, Shift-Dir - straight line, f/p - adder
Aim: an adder (severely wounded, chance to defeat MR: 80%)
The adder barely resists.
The adder bites you.
You die...

#.# ##########S#.#
#......)##g#.#
#.....[.##.#.#
#.....>..r....
#.....gS##.#.# .
#.....@.##.#.# ...
#...÷...##.#.#.....
#.........÷).......
#.......####.#.....
####......# .# ###
#.####.# .# ...
#.####.# .# ##.#####
#.....<# .. .......
#......#######....##


You could see an adder, a hobgoblin and a rat.

Vanquished Creatures
  A ball python (D:1)
  4 bats
  A giant cockroach (D:1)
  A goblin (D:1)
  A hobgoblin (D:2)
  3 jackals (D:2)
  A frilled lizard (D:1)
  3 kobolds
  5 rats
20 creatures vanquished.

Notes
Turn   | Place    | Note
-------+----------+-------------------------------------------
     0 | D:1      | Lusmu the Felid Necromancer began the quest for the Orb.
     0 | D:1      | Reached XP level 1. HP: 7/7 MP: 4/4
   589 | D:1      | Learned a level 1 spell: Animate Skeleton
   788 | D:1      | Reached XP level 2. HP: 11/11 MP: 4/6
  1610 | D:2      | Slain by an adder

Skill      XL: |  1  2 |
---------------+-------+-----
Stealth        | 3 4 |  4.2
Dodging        | |  2.6
Spellcasting   | |  2.0
Necromancy     | |  4.2

Action                   || total
-------------------------++-------
Melee: Unarmed           ||    41
       Bite              ||     3
 Cast: Pain              ||    27
 Stab: Sleeping          ||     2
  Eat: Chunk             ||     9
Armor: Skin              ||     6
Dodge: Dodged            ||    50
